General information
- name: BNet
- type: Ladder team game (AT/RT)
- host: Battle.net
- saver: ForestBaron
map: TwilightRuins
- players: 8
- length: 51:34
- speed: Fast
- version: 1.26 W3XP
- replay type: Public
» download(195 KB)
Players
team 1 (loser)

»
Santastico (
teal | 44 APM | 622 actions | 14:08)
3 Death Knight
2 Death Coil
1 Unholy Aura
2 Archmage
1 Summon Water Elemental
1 Brilliance Aura
1 Dreadlord
1 Sleep
» actions
| Assign group hotkey | 17 | |
| Basic commands | 48 | |
| Build / train | 40 | |
| Enter build submenu | 13 | |
| Enter hero's abilities submenu | 8 | |
| Remove unit from queue | 10 | |
| Right click | 164 | |
| Select / deselect | 130 | |
| Select group hotkey | 165 | |
| Use ability | 27 | |
622 total
» units
| Acolyte | -2 | |
| Ghoul | 3 | |
| Crypt Fiend | 9 | |
| Obsidian Statue | 1 | |
| Peasant | 1 | |
12 total
» upgrades
| Creature Attack | 3 | |
| Creature Carapace | 2 | |
| Web | 1 | |
6 total
» buildings
| Ziggurat | 6 | |
| Crypt | 1 | |
| Altar of Darkness | 1 | |
| Graveyard | 1 | |
| Tomb of Relics | 1 | |
| Halls of the Dead | 1 | |
| Slaughterhouse | 1 | |
| Sacrificial Pit | 1 | |
| Black Citadel | 1 | |
14 total
» build order
00:11 Ziggurat
00:30 Crypt
01:08 Altar of Darkness
01:24 Ziggurat
01:37 Graveyard
02:40 Ziggurat
02:47 Ziggurat
03:16 Tomb of Relics
05:36 Halls of the Dead
08:20 Slaughterhouse
08:40 Sacrificial Pit
08:59 Ziggurat
09:03 Ziggurat
09:05 Black Citadel
» items
| Rod of Necromancy | 1 | |
| Potion of Healing | 1 | |
2 total
Titans (
pink | 30 APM | 1545 actions | 51:32)
3 Tauren Chieftain
1 War Stomp
2 Endurance Aura
3 Death Knight
2 Unholy Aura
1 Death Coil
3 Crypt Lord
1 Spiked Carapace
1 Carrion Beetles
1 Locust Swarm
» actions
| Basic commands | 29 | |
| Build / train | 143 | |
| Enter build submenu | 58 | |
| Enter hero's abilities submenu | 9 | |
| Remove unit from queue | 8 | |
| Right click | 608 | |
| Select / deselect | 616 | |
| Use ability | 74 | |
1545 total
» units
| Peon | 13 | |
| Wind Rider | 10 | |
| Crypt Fiend | 44 | |
| Rifleman | 4 | |
| Obsidian Statue | 4 | |
| Peasant | 6 | |
| Raider | 3 | |
| Grunt | 5 | |
| Acolyte | 6 | |
| Ghoul | 3 | |
98 total
» upgrades
| Spiked Barricades | 2 | |
| Ranged Weapons | 3 | |
| Armor | 2 | |
| Envenomed Spears | 1 | |
| Destroyer Form | 1 | |
| Creature Attack | 1 | |
| Creature Carapace | 1 | |
11 total
» buildings
| War Mill | 1 | |
| Watch Tower | 16 | |
| Orc Burrow | 9 | |
| Altar of Storms | 1 | |
| Stronghold | 1 | |
| Beastiary | 2 | |
| Fortress | 1 | |
| Ziggurat | 16 | |
| Nerubian Tower | 13 | |
| Barracks | 3 | |
| Necropolis | 1 | |
| Crypt | 3 | |
| Graveyard | 1 | |
| Altar of Darkness | 1 | |
| Halls of the Dead | 1 | |
70 total
» build order
00:30 War Mill
01:56 Watch Tower
02:03 Watch Tower
02:11 Watch Tower
02:15 Watch Tower
02:29 Orc Burrow
04:35 Watch Tower
04:38 Watch Tower
04:45 Altar of Storms
05:40 Watch Tower
05:47 Watch Tower
05:58 Orc Burrow
06:06 Watch Tower
06:16 Stronghold
06:59 Watch Tower
07:23 Watch Tower
07:30 Watch Tower
07:38 Watch Tower
08:03 Orc Burrow
08:11 Watch Tower
08:29 Watch Tower
08:41 Beastiary
08:49 Beastiary
09:00 Orc Burrow
09:31 Watch Tower
12:11 Fortress
13:49 Orc Burrow
15:07 Orc Burrow
15:48 Orc Burrow
16:12 Orc Burrow
17:16 Orc Burrow
18:34 Ziggurat
18:36 Ziggurat
18:38 Ziggurat
18:41 Ziggurat
18:44 Ziggurat
18:46 Ziggurat
18:47 Ziggurat
18:50 Ziggurat
18:54 Ziggurat
18:57 Ziggurat
20:58 Nerubian Tower
20:59 Nerubian Tower
21:00 Nerubian Tower
21:01 Nerubian Tower
21:02 Nerubian Tower
21:04 Nerubian Tower
21:06 Nerubian Tower
22:11 Nerubian Tower
22:12 Nerubian Tower
22:13 Nerubian Tower
22:14 Nerubian Tower
22:15 Nerubian Tower
24:16 Barracks
24:22 Barracks
24:26 Barracks
41:59 Necropolis
45:52 Crypt
46:00 Graveyard
46:20 Altar of Darkness
46:25 Ziggurat
46:29 Ziggurat
46:34 Ziggurat
46:36 Ziggurat
46:39 Ziggurat
46:44 Ziggurat
47:04 Halls of the Dead
48:28 Crypt
48:41 Crypt
49:22 Nerubian Tower

»
Opeen (
yellow | 46 APM | 664 actions | 14:25)
3 Crypt Lord
2 Carrion Beetles
1 Spiked Carapace
1 Archmage
1 Brilliance Aura
1 Blood Mage
1 Flame Strike
1 Death Knight
1 Death Coil
» actions
| Assign group hotkey | 8 | |
| Basic commands | 68 | |
| Build / train | 88 | |
| Enter build submenu | 34 | |
| Enter hero's abilities submenu | 7 | |
| Right click | 137 | |
| Select / deselect | 202 | |
| Select group hotkey | 84 | |
| Use ability | 36 | |
664 total
» units
| Acolyte | 8 | |
| Peasant | 18 | |
| Ghoul | 4 | |
| Crypt Fiend | 8 | |
| Rifleman | 4 | |
| Knight | 1 | |
43 total
» upgrades
| Gunpowder | 2 | |
| Armor | 3 | |
| Creature Attack | 2 | |
| Creature Carapace | 2 | |
| Plating | 2 | |
| Swords | 2 | |
| Web | 1 | |
| Necromancer Training | 1 | |
| Skeletal Longevity | 1 | |
| Burrow | 1 | |
| Animal War Training | 1 | |
| Long Rifles | 1 | |
19 total
» buildings
| Altar of Darkness | 1 | |
| Graveyard | 1 | |
| Altar of Kings | 1 | |
| Blacksmith | 1 | |
| Ziggurat | 9 | |
| Barracks | 2 | |
| Crypt | 2 | |
| Farm | 7 | |
| Spirit Tower | 9 | |
| Nerubian Tower | 1 | |
| Halls of the Dead | 2 | |
| Keep | 1 | |
| Lumber Mill | 1 | |
| Necropolis | 2 | |
| Black Citadel | 1 | |
| Temple of the Damned | 2 | |
| Castle | 1 | |
| Town Hall | 2 | |
46 total
» build order
00:08 Altar of Darkness
00:17 Graveyard
00:30 Altar of Kings
00:34 Blacksmith
00:44 Ziggurat
01:14 Barracks
01:23 Crypt
01:30 Crypt
01:52 Farm
01:57 Ziggurat
02:13 Barracks
02:25 Spirit Tower
02:43 Farm
02:51 Nerubian Tower
03:32 Farm
04:16 Farm
04:50 Halls of the Dead
04:57 Farm
05:37 Keep
05:46 Farm
05:52 Ziggurat
05:55 Ziggurat
06:23 Lumber Mill
06:53 Necropolis
07:14 Farm
07:43 Black Citadel
07:48 Temple of the Damned
08:22 Necropolis
08:44 Castle
09:02 Ziggurat
09:05 Ziggurat
09:08 Ziggurat
09:18 Town Hall
09:43 Temple of the Damned
10:25 Spirit Tower
10:25 Spirit Tower
10:26 Spirit Tower
10:26 Spirit Tower
11:12 Spirit Tower
11:14 Ziggurat
11:17 Ziggurat
12:18 Town Hall
12:23 Halls of the Dead
12:26 Spirit Tower
12:26 Spirit Tower
13:10 Spirit Tower
team 2 (winner)
ForestBaron (
blue | 48 APM | 2470 actions | 51:34)
10 Archmage
3 Summon Water Elemental
3 Brilliance Aura
1 Mass Teleport
3 Blizzard
» actions
| Assign group hotkey | 32 | |
| Basic commands | 267 | |
| Build / train | 121 | |
| Enter build submenu | 51 | |
| Enter hero's abilities submenu | 10 | |
| Give item / drop item | 6 | |
| Remove unit from queue | 2 | |
| Right click | 933 | |
| Select / deselect | 537 | |
| Select group hotkey | 287 | |
| Use ability | 224 | |
2470 total
» units
| Peasant | 8 | |
| Footman | 5 | |
| Goblin Shredder | 1 | |
| Gryphon Rider | 24 | |
| Goblin Sapper | 23 | |
| Goblin Zeppelin | 2 | |
63 total
» upgrades
| Swords | 3 | |
| Armor | 3 | |
| Animal War Training | 1 | |
| Storm Hammers | 1 | |
| Cloud | 1 | |
| Masonry | 3 | |
| Magic Sentry | 1 | |
| Control Magic | 1 | |
| Priest Training | 1 | |
15 total
» buildings
| Altar of Kings | 1 | |
| Barracks | 1 | |
| Farm | 12 | |
| Arcane Vault | 1 | |
| Keep | 1 | |
| Lumber Mill | 1 | |
| Town Hall | 3 | |
| Castle | 1 | |
| Gryphon Aviary | 7 | |
| Blacksmith | 2 | |
| Scout Tower | 33 | |
| Guard Tower | 11 | |
| Arcane Sanctum | 2 | |
76 total
» build order
00:37 Altar of Kings
00:38 Barracks
00:50 Farm
00:52 Farm
01:05 Farm
01:59 Farm
02:02 Farm
02:05 Arcane Vault
02:08 Keep
02:42 Lumber Mill
04:33 Town Hall
05:17 Castle
05:32 Gryphon Aviary
05:33 Gryphon Aviary
05:51 Gryphon Aviary
05:52 Gryphon Aviary
05:53 Gryphon Aviary
06:26 Gryphon Aviary
06:37 Blacksmith
06:38 Blacksmith
07:43 Farm
09:16 Farm
11:00 Scout Tower
11:00 Scout Tower
11:01 Scout Tower
11:01 Scout Tower
11:01 Scout Tower
11:08 Scout Tower
11:09 Scout Tower
11:09 Scout Tower
12:24 Guard Tower
16:13 Gryphon Aviary
17:15 Guard Tower
17:31 Scout Tower
17:32 Scout Tower
17:34 Scout Tower
17:34 Scout Tower
17:36 Scout Tower
17:37 Scout Tower
17:39 Scout Tower
17:39 Scout Tower
17:39 Scout Tower
17:40 Scout Tower
17:40 Scout Tower
17:44 Scout Tower
17:44 Scout Tower
17:47 Scout Tower
17:47 Scout Tower
18:20 Guard Tower
18:46 Town Hall
18:49 Farm
18:50 Farm
19:07 Guard Tower
19:14 Guard Tower
20:13 Guard Tower
30:04 Town Hall
30:07 Scout Tower
30:07 Scout Tower
30:07 Scout Tower
30:07 Scout Tower
31:35 Guard Tower
31:47 Arcane Sanctum
31:49 Arcane Sanctum
38:18 Scout Tower
38:18 Scout Tower
38:20 Scout Tower
38:21 Scout Tower
38:22 Scout Tower
38:22 Scout Tower
39:24 Guard Tower
39:28 Guard Tower
39:41 Guard Tower
42:35 Farm
42:39 Farm
42:41 Farm
» items
| Scroll of Regeneration | 5 | |
| Scroll of Town Portal | 4 | |
| Potion of Healing | 2 | |
| Periapt of Vitality | 1 | |
| Staff of Teleportation | 1 | |
| Potion of Lesser Invulnerability | 1 | |
| Mechanical Critter | 2 | |
16 total
iRetard (
orange | 75 APM | 2184 actions | 29:11)
6 Blademaster
3 Wind Walk
2 Critical Strike
1 Bladestorm
4 Shadow Hunter
2 Healing Wave
2 Hex
3 Tauren Chieftain
1 War Stomp
2 Endurance Aura
» actions
| Assign group hotkey | 26 | |
| Basic commands | 71 | |
| Build / train | 78 | |
| Enter build submenu | 23 | |
| Enter hero's abilities submenu | 13 | |
| Give item / drop item | 1 | |
| Right click | 865 | |
| Select / deselect | 565 | |
| Select group hotkey | 467 | |
| Use ability | 75 | |
2184 total
» units
| Peon | 14 | |
| Troll Headhunter/Berserker | 5 | |
| Wind Rider | 4 | |
| Goblin Shredder | 1 | |
| Shaman | 6 | |
| Demolisher | 4 | |
| Troll Batrider | 4 | |
38 total
» upgrades
| Ranged Weapons | 3 | |
| Shaman Training | 2 | |
| Armor | 3 | |
| Envenomed Spears | 1 | |
| Reinforced Defenses | 1 | |
| Burning Oil | 1 | |
| Liquid Fire | 1 | |
12 total
» buildings
| Altar of Storms | 1 | |
| Orc Burrow | 8 | |
| War Mill | 1 | |
| Barracks | 3 | |
| Stronghold | 1 | |
| Voodoo Lounge | 1 | |
| Great Hall | 1 | |
| Beastiary | 3 | |
| Spirit Lodge | 1 | |
| Fortress | 2 | |
22 total
» build order
00:05 Altar of Storms
00:08 Orc Burrow
00:45 War Mill
01:46 Orc Burrow
02:06 Barracks
02:43 Stronghold
03:12 Orc Burrow
03:39 Voodoo Lounge
05:38 Great Hall
05:46 Beastiary
05:48 Beastiary
06:36 Orc Burrow
06:59 Beastiary
08:07 Orc Burrow
09:40 Spirit Lodge
09:44 Orc Burrow
09:46 Fortress
09:46 Fortress
11:06 Orc Burrow
12:02 Orc Burrow
20:02 Barracks
20:04 Barracks
» items
| Healing Salve | 2 | |
| Boots of Speed | 2 | |
| Periapt of Vitality | 2 | |
| Pendant of Energy | 1 | |
| Orb of Lightning | 1 | |
8 total

»
Zeds-Dead (
red | 34 APM | 1055 actions | 31:07)
5 Death Knight
3 Death Coil
2 Unholy Aura
5 Dreadlord
3 Vampiric Aura
2 Carrion Swarm
5 Lich
3 Frost Nova
2 Frost Armor
» actions
| Assign group hotkey | 8 | |
| Basic commands | 9 | |
| Build / train | 81 | |
| ESC pressed | 1 | |
| Enter build submenu | 16 | |
| Enter hero's abilities submenu | 15 | |
| Remove unit from queue | 6 | |
| Right click | 575 | |
| Select / deselect | 244 | |
| Select group hotkey | 57 | |
| Use ability | 43 | |
1055 total
» units
| Acolyte | 8 | |
| Ghoul | 9 | |
| Frost Wyrm | 21 | |
38 total
» upgrades
| Freezing Breath | 1 | |
| Creature Attack | 3 | |
| Creature Carapace | 3 | |
7 total
» buildings
| Graveyard | 1 | |
| Crypt | 1 | |
| Ziggurat | 9 | |
| Halls of the Dead | 5 | |
| Altar of Darkness | 1 | |
| Black Citadel | 4 | |
| Sacrificial Pit | 1 | |
| Boneyard | 3 | |
25 total
» build order
00:10 Graveyard
00:28 Crypt
00:53 Ziggurat
02:08 Halls of the Dead
02:09 Halls of the Dead
02:09 Halls of the Dead
02:29 Altar of Darkness
02:51 Ziggurat
04:14 Ziggurat
04:18 Ziggurat
04:19 Ziggurat
04:21 Ziggurat
04:48 Black Citadel
04:48 Black Citadel
04:48 Black Citadel
04:48 Black Citadel
05:49 Sacrificial Pit
07:10 Boneyard
07:12 Boneyard
07:14 Boneyard
10:12 Ziggurat
10:22 Ziggurat
14:53 Ziggurat
baygon_mata_tud (
purple | 8 APM | 421 actions | 51:32)
4 Blood Mage
2 Flame Strike
1 Banish
1 Siphon Mana
» actions
| Build / train | 65 | |
| Enter build submenu | 23 | |
| Enter hero's abilities submenu | 4 | |
| Right click | 176 | |
| Select / deselect | 114 | |
| Use ability | 39 | |
421 total
» units
» upgrades
» buildings
| Farm | 10 | |
| Lumber Mill | 1 | |
| Scout Tower | 6 | |
| Guard Tower | 6 | |
| Altar of Kings | 1 | |
| Barracks | 1 | |
| Blacksmith | 1 | |
26 total
» build order
01:28 Farm
02:10 Lumber Mill
02:54 Scout Tower
03:02 Scout Tower
03:18 Scout Tower
03:28 Scout Tower
03:31 Guard Tower
03:34 Guard Tower
03:43 Scout Tower
03:53 Guard Tower
03:58 Scout Tower
04:02 Guard Tower
04:14 Farm
04:17 Guard Tower
04:24 Farm
04:32 Guard Tower
04:36 Farm
04:58 Farm
05:14 Farm
05:23 Farm
07:20 Farm
07:34 Altar of Kings
10:07 Barracks
12:41 Blacksmith
17:09 Farm
17:14 Farm
» items
| Scroll of Protection | 4 | |
| Scroll of Regeneration | 1 | |
| Lesser Clarity Potion | 1 | |
| Scroll of Healing | 1 | |
7 total
Chat log
(00:23 / Allies) Zeds-Dead: frost here
(00:41 / Allies) baygon_mata_tud: evolution fast all
(00:57 / Allies) baygon_mata_tud: i give recurse all
(01:13 / Allies) ForestBaron: Give recurse here
(01:20 / Allies) baygon_mata_tud: ok
(01:33 / Allies) iRetard: r u feeding us
(02:20 / Allies) iRetard: purp give some here
(03:02 / Allies) Zeds-Dead: make def plz purp
(05:36 / Allies) ForestBaron: lumbers
(06:39 / Allies) Zeds-Dead: gold plz
(06:43 / Allies) Zeds-Dead: ty
(07:59 / Allies) iRetard: ty
(11:29 / Allies) iRetard: what the fuck
(11:40 / Allies) Zeds-Dead: loll
(11:41 / Allies) iRetard: whats pink doing
(12:27 / Allies) ForestBaron: lumber
(14:00 / All) ForestBaron: LEEROY JENKINS1
(14:30 / All) Titans: nice
(14:39 / Allies) Zeds-Dead: loll
(14:51 / 7) ForestBaron: I shall TK
(14:55 / All) Titans: u guys r pros
(17:34 / All) Titans: damn
(17:36 / All) Titans: to good
(17:55 / 7) ForestBaron: I will team kill
(18:07 / Allies) ForestBaron: Golds and lumbers
(19:20 / Allies) Zeds-Dead: damn
(20:21 / Allies) ForestBaron: Just charge that's the l;ast base
(20:36 / Allies) ForestBaron: all charge
(20:52 / Allies) ForestBaron: Go
(20:59 / 7) ForestBaron: I will TK them when they assault
(21:08 / Allies) ForestBaron: guys readY?
(21:11 / Allies) ForestBaron: he can't win
(21:19 / Allies) ForestBaron: go
(21:24 / Allies) ForestBaron: GO ORANGE!
(22:29 / Allies) Zeds-Dead: wtf blue
(24:08 / Allies) Zeds-Dead: wtf blue?
(24:25 / Allies) Zeds-Dead: stop man
(24:44 / Allies) Zeds-Dead: why just why?
(24:44 / All) Titans: LOL
(25:24 / All) Titans: LOL
(26:15 / Allies) Zeds-Dead: ok
(26:32 / Allies) Zeds-Dead: finish only pink
(26:43 / 7) ForestBaron: hide a base
(27:22 / Allies) Zeds-Dead: ur reatard
(28:20 / Allies) baygon_mata_tud: blue and poor resolved. must be gay
(29:03 / Allies) Zeds-Dead: stop men
(29:18 / Allies) Zeds-Dead: ur a fucking reatard
(29:26 / Allies) Zeds-Dead: go kill us
(29:30 / Allies) baygon_mata_tud: is noob
(29:42 / Allies) baygon_mata_tud: blu is noob
(29:55 / Allies) ForestBaron: Are you somehow good?
(30:03 / Allies) Zeds-Dead: 1v1?
(30:09 / Allies) Zeds-Dead: i will eat u
(30:17 / Allies) baygon_mata_tud: no you is noob
(30:18 / Allies) ForestBaron: You think mass wyrm works in 1v1?
(30:22 / Allies) ForestBaron: yes after game let's 1v1
(30:33 / Allies) baygon_mata_tud: you retardad
(30:39 / Allies) Zeds-Dead: loll gryph r better :o
(30:54 / Allies) ForestBaron: Apparently so
(31:03 / Allies) Zeds-Dead: i waste me time her
(31:45 / All) Titans: LOL
(32:36 / Allies) baygon_mata_tud: 've seen people stupid but igaul this .. I am to see.
(32:53 / Allies) ForestBaron: Shut up frenchie
(33:24 / Allies) baygon_mata_tud: be unresolved ... without father and mother
(33:37 / 7) ForestBaron: what
(33:38 / Allies) ForestBaron: what
(34:24 / All) baygon_mata_tud: probable. a fagot idiot
(34:29 / All) Titans: LMFAO
(34:36 / All) baygon_mata_tud: blu is noob
(34:56 / All) ForestBaron: Purple is 0-4 solo and less than 50% 4v4 RT
(34:59 / All) ForestBaron: He is legendary
(35:11 / All) ForestBaron: Sign my battle chest, buddy
(35:18 / All) ForestBaron: I'm your hugest fan
(35:23 / All) baygon_mata_tud: Blue has no father and no mother should be an experience of laboratory unsuccessful.
(35:35 / All) ForestBaron: Are you using babelfish
(36:24 / All) baygon_mata_tud: angry for not knowing how to play as a team
(36:35 / Allies) ForestBaron: Why are you calling me names man it's just a game? You're hurting my feelings
(36:56 / All) baygon_mata_tud: once dumb ass always will be
(38:19 / All) baygon_mata_tud: I will have the pleasure of seeing this retarded lose ... lol
(38:51 / Allies) ForestBaron: You sure about that?
(39:07 / Allies) ForestBaron: I'm not retarded you should take that back, that was offensive
(39:20 / All) baygon_mata_tud: Blue this with many towers at the base of it.
(39:39 / All) ForestBaron: I'm making it so that no one can win without the other team leaving the game
(40:16 / All) baygon_mata_tud: so he has a mine supplying
(41:03 / All) ForestBaron: You both will have an equal chance at victory
(41:30 / All) baygon_mata_tud: mine which supplies him this side of the yellow
(43:41 / All) baygon_mata_tud: yellow it is preparing to attack you .. this is the front
(43:55 / All) ForestBaron: Are you having flashbacks of Vietnam
(43:58 / All) ForestBaron: How old are you, brother?
(44:00 / All) Titans: LOL
(44:36 / All) baygon_mata_tud: he is yellow with foret baron and eagles
(45:17 / All) Titans: noooooo
(45:27 / All) ForestBaron: Don't worry I won't kill you
(45:37 / All) Titans: so whos going to win
(45:55 / All) ForestBaron: ;You'll have equal chance at victory
(46:02 / All) Titans: how so
(49:49 / All) ForestBaron: oooooooo
(50:16 / All) Titans: LET ME WIN
(50:23 / All) ForestBaron: You have equal shot at victory